Map: Mundo Adormecido LE

Players

Joker

  • Race: Terran Terran
  • League: Platinum
  • Spawn Location: 1:00

LowLinK - Winner!

  • Race: Protoss Protoss
  • League: Diamond
  • Spawn Location: 7:00

VOD

Have the link to the VOD?

Description

Time

  • Played on: Feb. 20, 2020, 3:23 p.m.
  • Length: 4:51
Show
View Real Time Build Order
Export as new Build Order

Joker Terran 

Build Orders: Reaper Expand 

Get SALT Encoding   

  12  0:01  SCV  
  13  0:13  SCV  
  14  0:17  Supply Depot  
  14  0:25  SCV  
  15  0:38  SCV  
  15  0:40  Barracks  
  16  0:43  Refinery  
  16  0:51  SCV  
  17  1:03  SCV  
  18  1:15  SCV  
  19  1:28  Orbital Command  
  19  1:29  Reaper  
  20  1:42  Command Center  
  20  1:54  SCV  
  21  2:02  Factory  
  21  2:06  SCV  
  22  2:13  Supply Depot  
  22  2:22  SCV, Refinery  
  23  2:35  SCV  
  24  2:45  Bunker  
  24  2:47  SCV  
  25  2:55  Orbital Command  
  25  2:59  SCV  
  25  3:01  Barracks Tech Lab  
  25  3:03  Starport  
  25  3:05  Widow Mine  
  28  3:11  SCV, Barracks  
  29  3:22  Supply Depot  
  29  3:23  SCV x2  
  31  3:35  Siege Tank  
  31  3:37  Barracks Tech Lab  
  34  3:45  SCV  
  34  3:47  SCV  
  36  3:57  SCV  
  36  3:59  Barracks  
  36  4:00  SCV  
  38  4:04  Marauder  
  38  4:09  Marine, SCV  
Show
View Real Time Build Order
Export as new Build Order

LowLinK Protoss - Winner!

Build Orders:  

Get SALT Encoding   

  12  0:00  Probe  
  13  0:13  Probe  
  14  0:17  Pylon  
  14  0:25  Probe  
  15  0:35  Gateway  
  15  0:37  Probe (Chrono Boost)  
  16  0:47  Probe (Chrono Boost), Assimilator  
  17  0:52  Probe (Chrono Boost)  
  17  0:56  Assimilator  
  18  1:03  Probe  
  19  1:16  Probe  
  20  1:20  Pylon  
  20  1:23  Cybernetics Core  
  20  1:29  Probe  
  21  1:41  Probe  
  21  1:43  Gateway  
  22  1:53  Probe  
  23  1:57  Pylon  
  23  1:58  Warp Gate (Chrono Boost)  
  23  2:02  Stalker  
  25  2:09  Gateway  
  25  2:26  Gateway  
  25  2:29  Gateway  
  24  3:00  Gateway  
  24  3:03  Probe  
  25  3:10  Pylon  
  25  3:32  Pylon  
  25  3:40  Sentry x2  
  29  3:41  Stalker  
  29  3:42  Stalker  
  33  3:55  Stalker  
  35  4:04  Stalker x3  
  35  4:06  Stalker  
  35  4:33  Stalker x5  
Tags
 
Add a new tag
Caveats
  • Supply blocks, unpowered buildings, or Contaminate may cause inaccurate times.
  • Supply counts are checked every 10 seconds.